 Dungeon Crawl Stone Soup version 0.29.1-12-g30fa7ad0bf (webtiles) character file.

Game seed: 12387505762166672826

78 stebl the Poker (level 4, -1/35 HPs)
             Began as a Demonspawn Gladiator on Dec 29, 2022.
             Slain by an orc priest
             ... wielding a +0 hand axe
              (2 damage)
             ... on level 3 of the Dungeon.
             The game lasted 00:06:44 (1945 turns).

stebl the Poker (Demonspawn Gladiator)              Turns: 1945, Time: 00:06:44

Health: -1/35      AC:  4    Str: 16    XL:     4   Next: 15%
Magic:  4/4        EV: 12    Int: 12    God:
Gold:   37         SH:  0    Dex: 14    Spells: 3/3 levels left

rFire   . . .      SeeInvis .   a - +0 trident
rCold   . . .      Faith    .   (no shield)
rNeg    . . .      Spirit   .   b - +0 leather armour
rPois   .          Reflect  .   c - +0 helmet
rElec   .          Harm     .   (no cloak)
rCorr   .          Rampage  .   (no gloves)
Will    .....                   (no boots)
Stlth   +.........              (no amulet)
HPRegen 0.11/turn               (no ring)
MPRegen 0.09/turn               (no ring)

@: no status effects
A: demonic guardian 1, big brain 1
a: no special abilities


You were on level 3 of the Dungeon.
You visited 1 branch of the dungeon, and saw 3 of its levels.

You collected 37 gold pieces.


Innate Abilities, Weirdness & Mutations

A weak demonic guardian rushes to your aid.
You have an unusually large brain. (Int +2)


   Skills:
 + Level 3.0 Fighting
 * Level 4.1 Polearms
 - Level 1.7 Throwing
 - Level 2.6 Dodging


You had 3 spell levels left.
You didn't know any spells.
Your spell library contained the following spells:

 Spells                   Type           Power      Damage    Failure   Level
 Dazzling Flash           Conj/Hex       0%         N/A       77%         3
 Iskenderun's Mystic Bla  Conj/Tloc      0%         2d3       99%         4
 Starburst                Conj/Fire      0%         6d3       100%        6

Inventory:

Hand Weapons
 a - a +0 trident (weapon)
Missiles
 d - 3 throwing nets {=f}
 f - 34 stones
 k - 10 poisoned darts
Armour
 b - a +0 leather armour (worn)
 c - a +0 helmet (worn)
Scrolls
 i - 2 scrolls of teleportation {unknown}
 j - 3 scrolls of fog {unknown}
 o - a scroll of enchant armour {unknown}
Potions
 g - a potion of haste {unknown}
 h - 2 potions of heal wounds {@q2}
 l - a potion of invisibility {unknown}
 m - a potion of magic {unknown}
 n - a potion of degeneration {unknown}
 p - a potion of curing {unknown}

Dungeon Overview and Level Annotations

Branches:
Dungeon (3/15)

Altars:

Shops:
D:1 :

Annotations:
D:3 Ijyb

#.............#
#.###########.#####
#.#####...........#
#.................#
#..####.#####.###.####
##..####...............
#...........#..###..###
#...##.#.##.....5o..####.
#...##.#.#......@gJ......
#...##.#.#.##..###.#.###.
##..##.#.#.##..# ...
#...).........# .#.#
#.........##.## (#.#
#.###.#.#.##. .. . #.#
#.#.#.##. .# .
#.###.#.#.#### .. ##
#..............


You could see Ijyb, an orc priest (ally target), an endoplasm and a friendly
quasit (summoned).


Message History

* * * LOW HITPOINT WARNING * * *
Ijyb closely misses you.
You completely miss Ijyb.
Ijyb is severely wounded.
Ijyb screams, "You nasty!
Big nasty!"
Ijyb hits you with a +0 club.
* * * LOW HITPOINT WARNING * * *
A demonic guardian appears!
You closely miss Ijyb.
Ijyb is severely wounded.
The orc priest casts a cantrip, but nothing happens.
Ijyb barely misses you.
You barely miss Ijyb.
Ijyb is severely wounded.
The orc priest barely misses you. Ijyb misses you.
You barely miss Ijyb. You punch Ijyb.
Ijyb is severely wounded.
Your quasit bites the orc priest but does no damage.
Your quasit claws the orc priest but does no damage. x2
The orc priest hits you with a +0 hand axe.
* * * LOW HITPOINT WARNING * * *
The orc priest barely misses your quasit.
Ijyb closely misses you.
Your quasit bites the orc priest but does no damage.
Your quasit barely misses the orc priest.
Your quasit claws the orc priest but does no damage.
You hit Ijyb but do no damage.
Ijyb is severely wounded.
The orc priest hits you with a +0 hand axe.
You die...

Skill      XL: |  1  2  3  4 |
---------------+-------------+-----
Polearms       | 3 4 |  4.1
Fighting       | 3 |  3.0
Throwing       | |  1.7
Dodging        | |  2.6

Action                   |  1- 3 |  4- 6 || total
-------------------------+-------+-------++-------
Melee: Trident           |   143 |    33 ||   176
       Punch             |     1 |     1 ||     2
Throw: Javelin           |       |     1 ||     1
  Use: Potion            |     1 |       ||     1
 Stab: Sleeping          |     1 |       ||     1
Armor: Leather armour    |    38 |     4 ||    42
Dodge: Dodged            |    73 |    15 ||    88

Levels and vault maps discovered:
D:1:      dpeg_arrival_arbitrary_a, layout_rooms,
          hellmonk_ecumenical_altar_pennies_from_heaven,
          hangedman_decor_slide_cut, nicolae_shop_vocational
D:2:      layout_basic, kennysheep_generic_room_5, uniq_robin
D:3:      layout_loops_ring, mainiacjoe_overflow_catch_the_wave,
          gammafunk_ghost_gnarly_gnolls, serial_shops,
          nicolae_shop_behind_doors, uniq_ijyb

Notes
Turn   | Place    | Note
-------+----------+-------------------------------------------
     0 | D:1      | stebl the Demonspawn Gladiator began the quest for the Orb.
     0 | D:1      | Reached XP level 1. HP: 16/16 MP: 1/1
   221 | D:1      | Reached skill level 3 in Polearms
   221 | D:1      | Found Vefrovus's Vocational Training.
   227 | D:1      | Found a faded altar of an unknown god.
   232 | D:1      | Gained mutation: A weak demonic guardian rushes to your
                  | aid. [demonic ancestry]
   232 | D:1      | Reached XP level 2. HP: 19/22 MP: 2/2
   833 | D:2      | Gained mutation: You have an unusually large brain. (Int
                  | +2) [demonic ancestry]
   833 | D:2      | Reached XP level 3. HP: 25/28 MP: 3/3
  1204 | D:2      | Noticed Robin
  1218 | D:2      | Killed Robin
  1665 | D:2      | Reached skill level 4 in Polearms
  1750 | D:3      | Reached XP level 4. HP: 34/34 MP: 4/4
  1834 | D:3      | Reached skill level 3 in Fighting
  1929 | D:3      | Noticed Ijyb
  1944 | D:3      | HP: 1/35 [orc priest/+0 hand axe (6)]
  1945 | D:3      | Slain by an orc priest

Vanquished Creatures
  Robin (D:2)
  An adder (D:2)
  4 orcs (D:3)
  3 bats
  3 endoplasms
  2 giant cockroaches (D:1)
  4 goblins (D:2)
  7 hobgoblins
  4 jackals (D:1)
  3 quokkas
  A ball python (D:1)
  4 frilled lizards (D:1)
  3 kobolds
  5 rats
45 creatures vanquished.

Vanquished Creatures (collateral kills)
  2 goblins (D:2)
  A hobgoblin (D:2)
3 creatures vanquished.

Grand Total: 48 creatures vanquished

Table legend: (Time is in decaauts)
 A = Elapsed time spent in this place.
 B = Non-inter-level travel time spent in this place.
 C = Inter-level travel time spent in this place.
 D = Time resting spent in this place.
 E = Time spent auto-exploring this place.
 F = Levels seen in this place.
 G = Mean time per level.
                   A        B        C        D        E       F      G
               +--------+--------+--------+--------+--------+-----+--------+
         Total |   1968 |   1914 |     54 |    390 |   1135 |   3 |  656.0 |
       Dungeon |   1968 |   1914 |     54 |    390 |   1135 |   3 |  656.0 |
               +--------+--------+--------+--------+--------+-----+--------+

Top non-repeatable levels by time:
     D:2: 1020 daAuts
     D:1: 742 daAuts
     D:3: 205 daAuts

Table legend:
 A = Non-vault XP
 B = Vault XP
 C = Vault XP percentage of total XP
 D = Non-vault monster count
 E = Vault monster count
 F = Vault count percentage of total count
                 A         B        C        D         E       F
            +---------+---------+-------+---------+---------+-------
      Total |      80 |      32 |  28.6 |      39 |       9 |  18.8
            +---------+---------+-------+---------+---------+-------
        D:1 |      32 |       0 |   0.0 |      19 |       0 |   0.0
        D:2 |      29 |      32 |  52.5 |      11 |       9 |  45.0
        D:3 |      19 |       0 |   0.0 |       9 |       0 |   0.0
            +---------+---------+-------+---------+---------+-------
